[Event "Live Chess"]
[Site "Chess.com"]
[Date "2024.06.01"]
[Round "-"]
[White "Nazar-Makarchuk"]
[Black "GerardATHart"]
[Result "1-0"]
[WhiteElo "1615"]
[BlackElo "1418"]
[TimeControl "300"]
[EndTime "11:50:25 PDT"]
[Termination "Nazar-Makarchuk won by resignation"]

1. e4 e5 2. Nf3 Nc6 3. Bb5 a6 4. Bxc6 dxc6 5. O-O f6 6. d4 exd4 7. Qxd4 Qxd4 8. Nxd4 Bc5 9. Nf3 Be6 10. Nc3 O-O-O 11. Be3 Bd6 12. Rfd1 Ne7 13. Nd4 Bf7 14. Nf5 Nxf5 15.
exf5 g6 16. fxg6 hxg6 17. g3 Rh7 18. Ne4 Be7 19. Bd4 f5 20. Nf6 Rh6 21. Be5 Rdh8 22. h4 g5 23. hxg5 Rh1+ 24. Kg2 R8h2+ 25. Kf3 Rxd1 26. Rxd1 Bxf6 27. Bxf6 Bd5+ 28. Ke3 Rh8 29. Rd2 Re8+ 30. Kf4 Be4 31. Re2 Rg8 32. g4 Bd5 33. gxf5 Kd7 34. g6 b5 35. a3 Rf8 36. Re7+ Kd6 37.
Kg5 Bg8 38. Rg7 c5 39. Be7+ 1-0

[Event "Live Chess"]
[Site "Chess.com"]
[Date "2024.06.01"]
[Round "-"]
[White "Andysav3"]
[Black "Nazarenko_vital"]
[Result "1-0"]
[WhiteElo "1876"]
[BlackElo "1471"]
[TimeControl "300"]
[EndTime "11:50:31 PDT"]
[Termination "Andysav3 won on time"]

1. e4 d5 2. exd5 Qxd5 3. Nf3 Nf6 4. Be2 Bf5 5. Nc3 Qa5 6. O-O c6 7. a3 e6 8. d4 Qc7 9. h3 Nbd7 10. Bg5 h6 11. Be3 Bd6 12. Qd2 g5 13. Ne5 Nxe5 14. dxe5 Bxe5 15. Bd3 Bxd3 16. Qxd3 g4 17. Bd4 gxh3 18. Bxe5 Qxe5 19. Qxh3 O-O-O 20. Rfe1 Qg5 21. Re2 Rhg8 22. Rae1 Rd4 23. Re5 Qg4 24. Qxg4 Rdxg4 25. g3 h5 26. Ne2 h4 27. f3 R4g7 28. g4 Rh7 29. Kh1 Nd5 30. c4 Nb6 31. b3 Nd7 32.
Rh5 Rxh5 33. gxh5 e5 34. f4 Rh8 35. fxe5 1-0

[Event "Live Chess"]
[Site "Chess.com"]
[Date "2024.06.01"]
[Round "-"]
[White "Isambard_Thomas"]
[Black "nigelst"]
[Result "1-0"]
[WhiteElo "2166"]
[BlackElo "1667"]
[TimeControl "300"]
[EndTime "11:50:34 PDT"]
[Termination "Isambard_Thomas won by checkmate"]

1. d4 Nf6 2. Nf3 e6 3. Bg5 c5 4. c3 Be7 5. e3 b6 6. Bd3 Bb7 7.
Nbd2 O-O 8. h4 cxd4 9. exd4 d6 10. Qe2 Nbd7 11. O-O-O Rc8 12. Kb1 Nd5 13. Rc1 Re8 14.
Ne4 h6 15. Nxd6 hxg5 16. Nxb7 Qc7 17. hxg5 Qxb7 18. Ne5 Nxe5 19. Rh8+ Kxh8 20. Qh5+ Kg8 21. Qh7+ Kf8 22. Qh8# 1-0

[Event "Live Chess"]
[Site "Chess.com"]
[Date "2024.06.01"]
[Round "-"]
[White "JavaidMiah"]
[Black "PatientChessPapa"]
[Result "1-0"]
[WhiteElo "1184"]
[BlackElo "776"]
[TimeControl "300"]
[EndTime "11:50:36 PDT"]
[Termination "JavaidMiah won on time"]

1. c4 e6 2. Nc3 d5 3. cxd5 exd5 4.
d4 Nf6 5. Nf3 c5 6. Bg5 Be7 7.
dxc5 Bxc5 8. Bxf6 Qxf6 9. Qxd5 Nd7 10. Ne4 Bb4+ 11. Nfd2 Bxd2+ 12. Qxd2 Qg6 13. Qd4 O-O 14. g3 Rd8 15. Qc4 Nb6 16. Qc2 Bf5 17. Bg2 Rac8 18. Rd1 Rxd1+ 19. Qxd1 h6 20. Nc3 Bc2 21. Qc1 Nc4 22.
O-O 1-0

[Event "Live Chess"]
[Site "Chess.com"]
[Date "2024.06.01"]
[Round "-"]
[White "Colm_Buckley"]
[Black "Trendle"]
[Result "0-1"]
[WhiteElo "1818"]
[BlackElo "2621"]
[TimeControl "300"]
[EndTime "11:50:37 PDT"]
[Termination "Trendle won by resignation"]

1. d4 Nf6 2. c4 g6 3. Nc3 Bg7 4. e4 d6 5. Be2 Na6 6. Nf3 c5 7. O-O O-O 8. h3 cxd4 9. Nxd4 Nc5 10. f3 Nh5 11. Be3 a6 12. Qc2 Bd7 13. b4 Ne6 14.
Nxe6 fxe6 15. Rfd1 Rc8 16. Rac1 Nf4 17. Bxf4 Rxf4 18. Qd2 Be5 19. Bf1 Qf8 20. Ne2 Rf7 21. Qd3 Qh6 22. c5 Bb5 23. Qb3 Rcf8 24. Qxe6 Bxe2 25.
Bxe2 Qe3+ 26. Kh1 Qxe2 27. cxd6 exd6 28. Re1 Qd2 0-1

[Event "Live Chess"]
[Site "Chess.com"]
[Date "2024.06.01"]
[Round "-"]
[White "TJ-W"]
[Black "MagnersCarlsberg2870"]
[Result "1/2-1/2"]
[WhiteElo "1575"]
[BlackElo "1876"]
[TimeControl "300"]
[EndTime "11:50:48 PDT"]
[Termination "Game drawn by agreement"]

1. e4 d6 2. d4 Nf6 3. Nc3 Nbd7 4. f4 e5 5. dxe5 dxe5 6. fxe5 Nxe5 7. Qxd8+ Kxd8 8.
Bf4 Bd6 9. O-O-O Bg4 10. Be2 Bxe2 11. Ngxe2 Nfd7 12. Bxe5 Nxe5 13. Rhf1 f6 14. Nb5 Ke7 15. Nxd6 cxd6 16. Nd4 g6 17. Nb5 Rhd8 18. Rf2 Rd7 19. Rdf1 a6 20. Nc3 Ng4 21. Nd5+ Ke6 22. Nxf6 Nxf2 23. Nxd7 Kxd7 24. Rxf2 Ke6 25. Kd2 1/2-1/2

[Event "Live Chess"]
[Site "Chess.com"]
[Date "2024.06.01"]
[Round "-"]
[White "Tushinskiy"]
[Black "Stanbad1"]
[Result "0-1"]
[WhiteElo "2207"]
[BlackElo "2692"]
[TimeControl "300"]
[EndTime "11:50:49 PDT"]
[Termination "Stanbad1 won by resignation"]

1. d4 Nf6 2. c3 g6 3. Nf3 Bg7 4. Bf4 d6 5. Bg3 O-O 6. Nbd2 b6 7. e4 Bb7 8. Bd3 Nbd7 9. Qe2 c5 10. d5 Nh5 11.
O-O Nxg3 12. hxg3 Ne5 13. Nxe5 Bxe5 14. f4 Bg7 15. Nf3 e6 16. dxe6 fxe6 17. Rad1 d5 18.
e5 Qe7 19. Ng5 h6 20. Nf3 g5 21. fxg5 hxg5 22. Nh2 Rxf1+ 23. Rxf1 Rf8 24. Rxf8+ Kxf8 25.
Ng4 Qf7 26. Qe3 Qh5 27. Be2 Qg6 28. Bd3 Qh5 29. Qf3+ Ke7 30. c4 Qf7 31. Qe3 Qh5 32. Be2 dxc4 33. a4 Qg6 34. a5 Qb1+ 35. Kh2 Qf5 36.
axb6 axb6 37. Bf3 Bxf3 38. gxf3 Qc2+ 39. Kh3 Qf5 40. Qe2 Qd3 41. Qe1 Qxf3 42. Qa1 Kf7 43. Qa7+ Kg6 44. Qxb6 Kf5 45. Ne3+ Qxe3 46. Qc7 g4+ 47.
Kh2 Qe2+ 48. Kh1 Bxe5 49. Qh7+ Kf6 50. Qh8+ Ke7 51. Qh7+ Kd6 52. Qb1 Qf3+ 53. Kh2 Qxg3+ 0-1

[Event "Live Chess"]
[Site "Chess.com"]
[Date "2024.06.01"]
[Round "-"]
[White "RamsayFlayer"]
[Black "MaksymYurii"]
[Result "1-0"]
[WhiteElo "1953"]
[BlackElo "934"]
[TimeControl "300"]
[EndTime "11:51:01 PDT"]
[Termination "RamsayFlayer won on time"]

1. e4 e5 2. Nf3 Nc6 3. Bb5 a6 4. Ba4 Na5 5. Nxe5 b5 6. Bb3 Nxb3 7. axb3 d6 8. Nf3 Nf6 9. O-O Be7 10. Nc3 Ng4 11. Nxb5 Bd7 12. Nbd4 Bf6 13. h3 h5 14. Nf5 Bxf5 15. exf5 Kd7 16. hxg4 hxg4 17. Nh2 Be5 18.
Nxg4 Qh4 19. Nxe5+ dxe5 20. f3 Rae8 21. Qe1 Qh2+ 22. Kf2 e4 23. Qe3 Qh4+ 24. Kg1 exf3 25. Qxf3 Qh2+ 26. Kf2 Qh4+ 27. Kg1 Qd4+ 28. Qf2 Qe5 29. Qf4 Qc5+ 30. d4 Qe7 31. Bd2 Rh4 32. Qg5 Reh8 33. Qxe7+ Kxe7 34. Bg5+ Kd6 35. Bxh4 Rxh4 36.
c4 g6 37. Rxa6+ Ke7 38. fxg6 fxg6 39. Rxg6 1-0

[Event "Live Chess"]
[Site "Chess.com"]
[Date "2024.06.01"]
[Round "-"]
[White "Bradfield133"]
[Black "Richardallis"]
[Result "0-1"]
[WhiteElo "1961"]
[BlackElo "2046"]
[TimeControl "300"]
[EndTime "11:51:10 PDT"]
[Termination "Richardallis won by resignation"]

1. c4 c6 2. Qa4 d5 3. cxd5 Qxd5 4. Nf3 Nd7 5. g3 Nc5 6. Qc2 Bf5 7. Qd1 O-O-O 8. Bg2 Bxb1 9. Rxb1 Qe4 10. d3 Nxd3+ 11.
Kf1 Nf4 12. Bd2 Nxg2 13. Kxg2 e5 14. Re1 Bb4 15. Kg1 Ne7 16. Qc1 Bxd2 17. Nxd2 Qd5 18. Nc4 Ng6 19. b4 f6 20. b5 Kb8 21. Ne3 Qd2 22.
bxc6 Qxc1 23. Rexc1 Rc8 24. cxb7 Rxc1+ 25. Rxc1 Kxb7 26. Nd5 Rd8 27. e4 Rd7 28. Rb1+ Ka8 29. f3 Ne7 30. Nxe7 Rxe7 31. Rb2 Rc7 32. Kf2 Rc3 33. f4 a6 34. fxe5 fxe5 35. g4 h6 36. h4 Rh3 37. h5 Rh2+ 0-1

[Event "Live Chess"]
[Site "Chess.com"]
[Date "2024.06.01"]
[Round "-"]
[White "PureDashingOctopus"]
[Black "KeithArkell"]
[Result "0-1"]
[WhiteElo "2261"]
[BlackElo "2499"]
[TimeControl "300"]
[EndTime "11:51:14 PDT"]
[Termination "KeithArkell won by resignation"]

1. e4 c6 2. Nc3 d5 3. Nf3 Bg4 4.
h3 Bxf3 5. Qxf3 dxe4 6. Nxe4 Nd7 7. d4 Ndf6 8. c3 Nxe4 9. Qxe4 Nf6 10. Qc2 e6 11.
Bd3 Be7 12. O-O O-O 13. Bd2 c5 14. dxc5 Bxc5 15. Rad1 Qc7 16. Bg5 h6 17. Bxf6 gxf6 18. Qe2 f5 19. Kh1 Qe7 20. Qh5 Qg5 21. Qxg5+ hxg5 22. f3 f4 23. Be4 Rab8 24. Rd7 b5 25. Rfd1 Kg7 26. g3 fxg3 27. Kg2 Bf2 28. Rc7 Rfd8 29. Rdd7 Rxd7 30. Rxd7 Kf6 31. Rc7 Rd8 32. Rb7 Rd2 33.
Rxb5 Be1+ 34. Kf1 g2+ 35. Kg1 Bg3 36. f4 gxf4 37. Bxg2 Bf2+ 38. Kf1 Be3 39. Be4 a6 40. Rb7 Ke5 41. Bg2 Rf2+ 42. Ke1 Rxg2 0-1

[Event "Live Chess"]
[Site "Chess.com"]
[Date "2024.06.01"]
[Round "-"]
[White "grandmaster1707"]
[Black "chess5013"]
[Result "1-0"]
[WhiteElo "1471"]
[BlackElo "1276"]
[TimeControl "300"]
[EndTime "11:51:30 PDT"]
[Termination "grandmaster1707 won by checkmate"]

1. e4 c5 2. Nf3 d6 3. Bc4 Nc6 4. d4 cxd4 5. Nxd4 Nxd4 6. Qxd4 Nf6 7. Bg5 e6 8. Nc3 Be7 9. f4 a6 10. O-O-O b5 11. Bb3 O-O 12. e5 dxe5 13. Qxe5 Qb6 14. Ne4 Nxe4 15. Qxe4 Bb7 16. Qe5 f6 17. Qxe6+ Qxe6 18.
Bxe6+ Kh8 19. Bh4 Rad8 20. Rde1 Bd6 21. f5 Bf4+ 22. Kb1 Bc8 23. g3 Bd2 24. Re2 Bxe6 25. fxe6 Rfe8 26. g4 g5 27. Bg3 Bf4 28. Bxf4 gxf4 29.
a3 Rd6 30. Rf1 Rdxe6 31. Rxe6 Rxe6 32. Rxf4 Kg7 33. a4 Re2 34. axb5 axb5 35. h4 Rh2 36. h5 Re2 37. c4 bxc4 38. Rxc4 Re5 39. b4 Rb5 40. Kc2 Kh6 41. Kb3 Kg7 42. Ka4 Rb8 43. b5 Ra8+ 44. Kb4 Rb8 45. Ka5 Kf7 46. b6 Ke7 47. Ka6 Kd6 48. b7 Kd5 49. Rc8 Rxc8 50.
bxc8=Q f5 51. Qxf5+ Kd4 52. Qxh7 Kc4 53. Qd7 Kb3 54.
h6 Ka2 55. h7 Ka3 56. h8=Q Ka2 57. Qa4+ Kb1 58. Qh1+ Kb2 59. Qd5 Kb1 60. Qdd1+ Kb2 61.
Qdc2# 1-0

[Event "Live Chess"]
[Site "Chess.com"]
[Date "2024.06.01"]
[Round "-"]
[White "grillage"]
[Black "CarmelJane"]
[Result "1-0"]
[WhiteElo "1883"]
[BlackElo "2083"]
[TimeControl "300"]
[EndTime "11:51:45 PDT"]
[Termination "grillage won by resignation"]

1. d4 Nf6 2. Nf3 e6 3. c4 b6 4. g3 Bb7 5. Bg2 g6 6. O-O Bg7 7. Nc3 Ne4 8. Qc2 Nxc3 9. Qxc3 O-O 10. Bg5 f6 11. Bf4 d6 12. Rfd1 Nd7 13. Rac1 Rc8 14. c5 bxc5 15. dxc5 e5 16. Be3 Ba6 17. Rd2 f5 18.
Ng5 e4 19. Qb3+ Kh8 20. Ne6 Qe7 21. Nxg7 Kxg7 22. Bd4+ Ne5 23. Qa3 Kh6 24. Qxa6 Ng4 25. h3 e3 26. fxe3 Nxe3 27. Qd3 f4 28. Bxe3 fxe3 29.
Rdc2 dxc5 30. Rc3 Rce8 31. Bf3 Qe5 32. Kg2 Kg7 33. Rxc5 Qxb2 34. Rxc7+ Kh6 35. R7c2 Qe5 36. Qc3 Qb5 37. Qc4 Qb6 38. Qh4+ Kg7 39. Rc7+ Rf7 40. Rxf7+ Kxf7 41. Qxh7+ Kf8 42. Rc7 Qf6 43. Qh6+ Kg8 44.
Bd5+ Re6 45. Bxe6+ Qxe6 46. Qh7+ Kf8 47. Qh8+ Qg8 48. Rc8+ Ke7 49. Qxg8 Kd6 1-0

[Event "Live Chess"]
[Site "Chess.com"]
[Date "2024.06.01"]
[Round "-"]
[White "LanceMaster23"]
[Black "Eva3337"]
[Result "1-0"]
[WhiteElo "1822"]
[BlackElo "1143"]
[TimeControl "300"]
[EndTime "11:52:08 PDT"]
[Termination "LanceMaster23 won on time"]

1. Nf3 Nc6 2. d4 d5 3. Bf4 e6 4. c3 Bd6 5. Bxd6 Qxd6 6. Nbd2 Nf6 7. Qc2 Bd7 8. e4 O-O-O 9. e5 Nxe5 10. dxe5 Qe7 11.
exf6 Qxf6 12. Be2 h6 13. O-O-O e5 14. Qb3 Bg4 15. h3 Bh5 16. Rhe1 d4 17. Nxd4 exd4 18.
Bxh5 dxc3 19. Bg4+ Kb8 20. Qxc3 Qxf2 21. Re7 Rc8 22.
Bxc8 Rxc8 23. Qxg7 Qc5+ 24. Kb1 Qxe7 25. Qxh6 Qe2 26.
Rf1 Rd8 27. Kc2 a5 28. Rxf7 Rxd2+ 29. Qxd2 Qc4+ 30. Qc3 Qxf7 31. Qh8+ Ka7 32. Qd4+ Kb8 33. g4 Qg6+ 34. Qd3 Qc6+ 35. Qc3 Qg2+ 36. Kb3 Qd5+ 37. Ka3 Qd6+ 38. b4 axb4+ 39. Qxb4 Qd3+ 40. Qb3 Qd6+ 41. Kb2 Qd2+ 42. Qc2 1-0

[Event "Live Chess"]
[Site "Chess.com"]
[Date "2024.06.01"]
[Round "-"]
[White "Mof05"]
[Black "NeilDruggan73"]
[Result "0-1"]
[WhiteElo "1032"]
[BlackElo "1718"]
[TimeControl "300"]
[EndTime "11:52:08 PDT"]
[Termination "NeilDruggan73 won on time"]

1. d4 Nf6 2. Bf4 g6 3. e3 Bg7 4. Nf3 d5 5. Bd3 h6 6. h3 Nc6 7. c3 O-O 8. Nbd2 Nh5 9. Bh2 f5 10. Ne5 Nxe5 11. dxe5 c5 12. Nf3 Qb6 13. Qb3 c4 14. Qxb6 axb6 15. Be2 f4 16. exf4 Nxf4 17. Bxf4 Rxf4 18. g3 Re4 19. a3 Bxe5 20. Nxe5 Rxe5 21. Rd1 Bf5 22. Rd2 Be4 23. O-O Bf5 24. Re1 Bxh3 25. Rdd1 Rf8 26. Bf1 Rxe1 27. Rxe1 Bxf1 28. Kxf1 Kf7 29.
Kg2 Kf6 30. Re3 e5 31. Re1 g5 32. Rd1 Ke6 33. Re1 g4 34. Rb1 Rf3 35. Re1 Rd3 36.
Re3 Rd2 37. Re1 Rxb2 38. Ra1 Rb3 39. a4 Rxc3 40. a5 b5 41. a6 bxa6 42. Rxa6+ Kf5 43.
Rxh6 b4 0-1

[Event "Live Chess"]
[Site "Chess.com"]
[Date "2024.06.01"]
[Round "-"]
[White "booktrunk"]
[Black "JanMur7"]
[Result "0-1"]
[WhiteElo "1371"]
[BlackElo "2283"]
[TimeControl "300"]
[EndTime "11:52:16 PDT"]
[Termination "JanMur7 won by resignation"]

1. d4 Nf6 2. Nc3 d5 3. Bf4 Bf5 4. Nf3 c6 5. Nh4 Bg6 6. Nxg6 hxg6 7. h3 e6 8. e3 Bd6 9. Bd3 Qc7 10. Qf3 Bxf4 11.
Qxf4 Qxf4 12. exf4 Nbd7 13. g3 a6 14. O-O-O c5 15.
dxc5 Nxc5 16. Be2 Nfe4 17. Nxe4 Nxe4 18. Rhf1 Ke7 19. h4 Rac8 20. Bf3 Nd6 21. Rfe1 Kf6 22. c3 b5 23. Kc2 b4 24. Rd4 bxc3 25. bxc3 Nb5 26.
Rd3 Rc4 27. Rb1 Rhc8 28. Re3 Na3+ 29. Kb2 Nxb1 30. Kxb1 Rxc3 31. Rxc3 Rxc3 32. Bg2 d4 33.
Kb2 e5 34. Be4 exf4 35. gxf4 Rh3 0-1

[Event "Live Chess"]
[Site "Chess.com"]
[Date "2024.06.01"]
[Round "-"]
[White "elephantgerrald"]
[Black "StoreySniper"]
[Result "0-1"]
[WhiteElo "753"]
[BlackElo "2552"]
[TimeControl "300"]
[EndTime "11:52:19 PDT"]
[Termination "StoreySniper won by checkmate"]

1. e4 g6 2. Nf3 Bg7 3. Nc3 c5 4. d4 Qa5 5. Bd2 cxd4 6. Nxd4 Bxd4 7. Bc4 Qc5 8. Qf3 Qxc4 9. O-O-O Nc6 10. b3 Qc5 11. e5 Nxe5 12. Qe4 Bxc3 13. Bxc3 Qxc3 14. Qh4 Nf6 15. f4 Ne4 16. Rhe1 Qa1# 0-1

[Event "Live Chess"]
[Site "Chess.com"]
[Date "2024.06.01"]
[Round "-"]
[White "Duke_of_Bebington"]
[Black "powerchs"]
[Result "1/2-1/2"]
[WhiteElo "1603"]
[BlackElo "1247"]
[TimeControl "300"]
[EndTime "11:52:26 PDT"]
[Termination "Game drawn - insufficient material"]

1. d4 Nf6 2. Bf4 d6 3. Nf3 g6 4.
c3 Nh5 5. Be3 Bg7 6. g3 O-O 7. Bg2 e5 8. dxe5 dxe5 9. O-O Qe7 10. Na3 Rd8 11. Qc2 Bf5 12. Qb3 Nd7 13. Rad1 Be6 14. Qc2 Rab8 15. Bxa7 Ra8 16. Be3 c6 17. Nd2 Ndf6 18. Ne4 Nd5 19. Bc1 Nhf6 20. Qb1 Bf5 21. f3 Nh5 22. g4 Bxe4 23. Qxe4 Nhf4 24. Bxf4 exf4 25. Qxe7 Nxe7 26. Nc4 Rxd1 27. Rxd1 Rxa2 28.
Rd8+ Bf8 29. Kf2 Kg7 30. Ne5 Nd5 31. Nd3 Ne3 32. Nxf4 Bc5 33. Kg3 Rxb2 34. Nd3 Rb5 35. Nxc5 Rxc5 36. Rd3 Nd5 37. e4 Rxc3 38. Bf1 Rxd3 39.
Bxd3 Nb4 40. Bb1 b5 41. Kf2 c5 42. Ke3 c4 43. Kd4 Na6 44. Kc3 Kf6 45. f4 Ke6 46. h4 f6 47. Kd4 Kd6 48. e5+ fxe5+ 49. fxe5+ Ke6 50. Be4 Nc7 51. h5 gxh5 52. gxh5 h6 53. Bg6 Ke7 54. Kc5 c3 55. Kb4 Ne6 56. Kxb5 Nf4 57. Bc2 Nxh5 58. Kc4 Nf4 59. Kxc3 h5 60. Kd4 h4 61. Bf5 h3 62. Bxh3 Nxh3 63. Ke4 Ng5+ 64. Kf5 Nf7 65. e6 Nd8 66. Ke5 Nxe6 1/2-1/2

[Event "Live Chess"]
[Site "Chess.com"]
[Date "2024.06.01"]
[Round "-"]
[White "mrsmarple1968"]
[Black "OliWally08"]
[Result "1-0"]
[WhiteElo "1787"]
[BlackElo "1273"]
[TimeControl "300"]
[EndTime "11:52:26 PDT"]
[Termination "mrsmarple1968 won on time"]

1. e4 d5 2. exd5 Nf6 3. Nc3 Nxd5 4. Nxd5 Qxd5 5. d3 Nc6 6. Nf3 Bg4 7. Be2 e6 8. O-O h5 9. Bf4 g5 10. Bxc7 Rc8 11.
c4 Qf5 12. b4 Rxc7 13. b5 Ne5 14. Nxe5 Qxe5 15. Re1 Bd6 16. g3 Bxe2 17. Rxe2 Qd4 18.
Re4 Qg7 19. Rc1 Kd7 20. d4 h4 21. c5 Qh7 22. cxd6 Qxe4 23. dxc7 h3 24. f3 Qe3+ 25.
Kf1 Rc8 26. d5 Rxc7 27. dxe6+ Kc8 28. Rxc7+ Kxc7 29. Qd7+ Kb6 30. Qxf7 Qc1+ 31. Ke2 Qc2+ 32. Ke3 Qc1+ 33. Ke2 Qc2+ 34. Ke3 Qc1+ 35. Ke4 Qc2+ 36. Ke5 Qb2+ 37. Kf5 Qxh2 38. e7 Qc2+ 39. Kxg5 h2 40. e8=Q 1-0

[Event "Live Chess"]
[Site "Chess.com"]
[Date "2024.06.01"]
[Round "-"]
[White "uselessduffer"]
[Black "Pandreq"]
[Result "1-0"]
[WhiteElo "2436"]
[BlackElo "1130"]
[TimeControl "300"]
[EndTime "11:52:28 PDT"]
[Termination "uselessduffer won on time"]

1. e4 Nf6 2. e5 Nd5 3. d4 d6 4.
Nf3 Nc6 5. c4 Nb6 6. exd6 exd6 7. h3 Be7 8. Nc3 O-O 9. Be2 Bf6 10. Be3 Bf5 11. O-O Re8 12. Rc1 Qd7 13. b3 a6 14.
d5 Ne5 15. Nd4 Bxh3 16. gxh3 Qxh3 17. Re1 Bh4 18. Bf1 Qg4+ 19. Qxg4 Nxg4 20. Nf5 Nxe3 21. Nxh4 Ng4 22. Bh3 Nf6 23. Nf3 Rxe1+ 24. Rxe1 Re8 25. Rxe8+ Nxe8 26. Kf1 Nf6 27. Ke2 Nbd7 28. Ke3 Nf8 29. b4 Ng6 30. Bf5 Ne5 31. Nxe5 dxe5 32. Bc8 b5 33. Bxa6 bxc4 34. Bxc4 Nd7 35. a4 Kf8 36. a5 Ke7 37. Na4 Kd8 38. a6 Kc8 39. Nc5 Nb6 40.
Bb3 Kb8 41. Ke4 f6 42. Kf5 Ka7 43. Ke6 h5 44. Bd1 h4 45. Bg4 1-0

[Event "Live Chess"]
[Site "Chess.com"]
[Date "2024.06.01"]
[Round "-"]
[White "ACM42"]
[Black "koekoekoe"]
[Result "1-0"]
[WhiteElo "2215"]
[BlackElo "2073"]
[TimeControl "300"]
[EndTime "11:52:46 PDT"]
[Termination "ACM42 won by resignation"]

1. e4 d5 2. exd5 Qxd5 3. Nc3 Qa5 4. Nf3 Nf6 5. d4 Bg4 6. Be2 e6 7. h3 Bh5 8. g4 Bg6 9. Ne5 Bd6 10. Bf4 Nbd7 11.
Nc4 Qa6 12. Nxd6+ 1-0

[Event "Live Chess"]
[Site "Chess.com"]
[Date "2024.06.01"]
[Round "-"]
[White "KwikPhoenix"]
[Black "Pedrada88"]
[Result "1-0"]
[WhiteElo "2443"]
[BlackElo "2535"]
[TimeControl "300"]
[EndTime "11:52:54 PDT"]
[Termination "KwikPhoenix won by checkmate"]

1. Nc3 d5 2. e4 d4 3. Nce2 c5 4. Ng3 Nc6 5. Nf3 h5 6. h4 e6 7. Bb5 Bd6 8. Ne2 Bd7 9. c3 Nf6 10. Bxc6 Bxc6 11. e5 Bxf3 12. exf6 Bxe2 13. fxg7 Rg8 14.
Qxe2 Rxg7 15. Qxh5 Rxg2 16. Qf3 Rg6 17. Qxb7 Rb8 18.
Qc6+ Kf8 19. h5 Rg5 20. h6 Rb6 21. Qf3 Re5+ 22. Kd1 Rf5 23. Qg2 Rg5 24. Qf3 Rf5 25.
Qg2 Rg5 26. Qe4 Re5 27. Qh7 Qf6 28. Qd3 c4 29. Qh3 d3 30. h7 Qh8 31. b3 Rg5 32.
bxc4 Be5 33. Qxd3 Rd6 34. Qe3 Rg7 35. Qxe5 Ke7 36. Qe4 f5 37. Qb7+ Kf6 38. Qf3 Rxh7 39. Rxh7 Qxh7 40. c5 Rd5 41. c4 Rxc5 42. Bb2+ Kg6 43.
Qg3+ Kf7 44. d3 Qh5+ 45. Kd2 Qh6+ 46. Qe3 Qf8 47. Ba3 Qg7 48. Qxc5 Qxa1 49. Qe7+ Kg6 50. Qxe6+ Kg5 51. Be7+ Kf4 52. Qe3+ Kg4 53. Qg3+ Kh5 54.
Qg5# 1-0

[Event "Live Chess"]
[Site "Chess.com"]
[Date "2024.06.01"]
[Round "-"]
[White "Yegorych"]
[Black "Brooms1989"]
[Result "1-0"]
[WhiteElo "1627"]
[BlackElo "1094"]
[TimeControl "300"]
[EndTime "11:53:01 PDT"]
[Termination "Yegorych won by resignation"]

1. d4 Nf6 2. c4 g6 3. Nc3 Bg7 4. e4 d6 5. f3 a6 6. Be3 c6 7. g4 b5 8. e5 dxe5 9. dxe5 Qxd1+ 10. Rxd1 Nfd7 11. f4 O-O 12. Nf3 a5 13. cxb5 cxb5 14. Bxb5 1-0

[Event "Live Chess"]
[Site "Chess.com"]
[Date "2024.06.01"]
[Round "-"]
[White "Dhaydon19"]
[Black "dhairyapandyauk"]
[Result "1-0"]
[WhiteElo "2692"]
[BlackElo "1628"]
[TimeControl "300"]
[EndTime "11:53:05 PDT"]
[Termination "Dhaydon19 won by resignation"]

1. d4 Nf6 2. Nf3 d5 3. g3 Bf5 4.
Bg2 g6 5. c3 Bg7 6. O-O O-O 7.
Re1 Nbd7 8. Nbd2 c6 9. Nh4 e6 10. Nxf5 exf5 11. Qb3 Qc7 12. Nf3 Ne4 13. Bf4 Qb6 14. Qc2 Rfe8 15. Rad1 a5 16. Nd2 a4 17.
Nxe4 fxe4 18. f3 f5 19. fxe4 fxe4 20. e3 Qa6 21. Bf1 b5 22. Rd2 Qb6 23. b3 axb3 24. axb3 Ra3 25. c4 bxc4 26. bxc4 Rea8 27. Rb1 Qa5 28. cxd5 Ra2 29. Rb2 Rxb2 30. Qxb2 cxd5 31. Qb7 Qxd2 32. Qxa8+ Nf8 33. Qxd5+ Kh8 34. Qxe4 h6 35. h4 Qe1 36. d5 g5 37. hxg5 hxg5 38. Bxg5 Qxg3+ 39. Qg2 Qe5 40. Bf4 Qf5 41. d6 Qc5 42. d7 Nxd7 43.
Qh3+ Kg8 44. Qe6+ 1-0

[Event "Live Chess"]
[Site "Chess.com"]
[Date "2024.06.01"]
[Round "-"]
[White "gunslinger222"]
[Black "Golden_Plans"]
[Result "0-1"]
[WhiteElo "2257"]
[BlackElo "2246"]
[TimeControl "300"]
[EndTime "11:53:12 PDT"]
[Termination "Golden_Plans won by resignation"]

1. c4 Nf6 2. Nc3 e5 3. d3 Nc6 4. Nf3 Bc5 5. g3 a6 6. Bg2 h5 7. O-O d6 8. Bg5 Ne7 9. Bxf6 gxf6 10. Ne4 Ng6 11. Nxc5 dxc5 12. h4 Rb8 13. Rc1 b6 14.
a3 Bb7 15. b4 cxb4 16. axb4 f5 17. c5 Bd5 18. e4 fxe4 19. dxe4 Bxe4 20. Qa4+ Qd7 21.
Qxd7+ Kxd7 22. Nxe5+ Nxe5 23. Bxe4 bxc5 24. bxc5 Rb4 25.
Rfd1+ Ke7 26. Bg2 Rhb8 27. f4 Ng4 28. Bc6 Rb3 29. Rd7+ Kf6 30. Kg2 Re8 31. Rd6+ cxd6 32. Bxe8 dxc5 33. Rxc5 Rb2+ 34. Kf3 Rf2+ 35. Ke4 Re2+ 36.
Kf3 Rxe8 37. Rc6+ Re6 38. Rc5 Re3+ 39. Kg2 Ra3 40. Rxh5 a5 41. Rg5 Ne3+ 42. Kf2 a4 43. h5 Nf5 44. g4 Nd4 45. h6 Rh3 46. Ra5 a3 47. h7 Ne6 48. Rxa3 Rxh7 49. Kg3 Rh8 50.
Ra5 Rh1 51. g5+ Kg7 52. Kg4 Rg1+ 53. Kf5 Rf1 54. Ra4 Rd1 55. Ke5 Nc5 56. Ra5 Re1+ 57.
Kf5 Nd3 58. Ra7 Rf1 59. Ra4 Rf2 60. Rd4 Nc5 61. Rd5 Ne6 62. Rd7 Rxf4+ 63. Ke5 Rg4 64. g6 Rxg6 65. Re7 Rg5+ 0-1

[Event "Live Chess"]
[Site "Chess.com"]
[Date "2024.06.01"]
[Round "-"]
[White "Bob2pen"]
[Black "FortunatusMax"]
[Result "1-0"]
[WhiteElo "1892"]
[BlackElo "914"]
[TimeControl "300"]
[EndTime "11:53:35 PDT"]
[Termination "Bob2pen won on time"]

1. e4 e6 2. d4 d5 3. Nc3 Nf6 4. Bg5 h6 5. Bxf6 Qxf6 6. e5 Qg5 7. Nf3 Qf5 8. Bd3 Qg4 9. O-O f6 10. Nb5 Na6 11. Re1 fxe5 12. Rxe5 Bd6 13. h3 Qf4 14. Nxd6+ cxd6 15. Re1 O-O 16. c3 e5 17. dxe5 dxe5 18.
Rxe5 Bxh3 19. gxh3 Rad8 20. Qe2 Nc5 21. Ne1 Qh4 22.
Bf5 b6 23. Qg4 Qf6 24. Qg6 Qxe5 25. Qh7+ Kf7 26. Nf3 Qf6 27. Re1 Ne4 28. Bg6+ Qxg6+ 29. Qxg6+ Kxg6 30. Ne5+ Kf6 31. Nc6 Rde8 32. Nd4 Nd2 33. Rd1 Nc4 34. b3 Na3 35. Kg2 g5 36. Nf3 Rd8 37.
Rd4 Nb5 38. Rb4 Nxc3 39. a4 a5 40. Rxb6+ Kf5 41. Rxh6 g4 42. Nd4+ Kg5 43. Ra6 gxh3+ 44. Kxh3 Rh8+ 45. Kg3 Rdg8 46. Kf3 Rh3+ 47. Kg2 Kh4+ 48.
Kf1 Ne4 49. Ke2 Rg2 50. Rh6+ Kg4 51. Rg6+ Kf4 52. Rxg2 Nc3+ 53. Kd2 Ne4+ 54. Kc2 Rc3+ 55. Kb2 Nc5 56. Ne2+ Kf3 57. Nxc3 Kxg2 58. Nxd5 Nd3+ 59. Kc3 Nxf2 60. Kc4 Ne4 61. Kb5 Kf3 62. Kxa5 1-0

[Event "Live Chess"]
[Site "Chess.com"]
[Date "2024.06.01"]
[Round "-"]
[White "Sokolik_UA"]
[Black "ProfPoisson"]
[Result "0-1"]
[WhiteElo "802"]
[BlackElo "1251"]
[TimeControl "300"]
[EndTime "11:53:45 PDT"]
[Termination "ProfPoisson won by checkmate"]

1. e4 e5 2. d4 exd4 3. Qxd4 Nc6 4. Qe3 Nf6 5. Nc3 Bb4 6. Bd2 O-O 7. O-O-O Re8 8. f3 d5 9. Bd3 d4 10. Qf4 dxc3 11.
Bxc3 Bxc3 12. bxc3 Qe7 13. Kd2 Be6 14. g4 Rad8 15. h4 Bc4 16. Ne2 Bxd3 17. cxd3 Qd7 18. d4 Na5 19. Ke1 Nc4 20. h5 Nb2 21. Rd2 Qb5 22.
h6 Nd3+ 23. Rxd3 Qxd3 24. hxg7 Qb1+ 25. Nc1 Rxe4+ 26. fxe4 Qxe4+ 27. Ne2 Qb1+ 28. Kf2 Qxh1 29. Qxf6 Qh2+ 30. Ke1 Re8 31. Qf2 Qxf2+ 32. Kxf2 Kxg7 33.
Kf3 Rxe2 34. Kxe2 Kg6 35. Kf3 f5 36. gxf5+ Kxf5 37. Ke3 b6 38. Kd3 a5 39. a3 h5 40.
Ke2 Kf4 41. Kf2 Ke4 42. Ke2 h4 43. Kf2 Kd3 44. Kf3 Kxc3 45. Kg4 Kxd4 46. Kxh4 c5 47. Kg3 c4 48. Kf2 Kd3 49. Ke1 Kc2 50. Ke2 b5 51.
Ke3 b4 52. Kd4 bxa3 53. Kxc4 a2 54. Kb5 a1=Q 55. Ka6 Qe5 56. Kb6 Kc3 57. Ka6 Kb4 58. Kb6 Qc5+ 59. Ka6 Qc6+ 60. Ka7 Qd6 61. Kb7 Kb5 62. Ka7 Qc7+ 63. Ka8 Qd7 64. Kb8 Kb6 65. Ka8 Qc8# 0-1